%YAML 1.1
%TAG !u! tag:unity3d.com,2011:
--- !u!114 &11400000
MonoBehaviour:
  m_ObjectHideFlags: 0
  m_CorrespondingSourceObject: {fileID: 0}
  m_PrefabInstance: {fileID: 0}
  m_PrefabAsset: {fileID: 0}
  m_GameObject: {fileID: 0}
  m_Enabled: 1
  m_EditorHideFlags: 0
  m_Script: {fileID: 11500000, guid: 15f0118ce50c1894487d3c82fab5e80a, type: 3}
  m_Name: "O103e - Klaunsk\xFD nos"
  m_EditorClassIdentifier: 
  nodes:
  - {fileID: 114224588004678730}
  - {fileID: 114304810798724300}
  - {fileID: 114807232969369416}
  connections:
  - {fileID: 114951460116717408}
  - {fileID: 114182363047622936}
  i: 3
  corruptionReport: 
--- !u!114 &114182363047622936
MonoBehaviour:
  m_ObjectHideFlags: 0
  m_CorrespondingSourceObject: {fileID: 0}
  m_PrefabInstance: {fileID: 0}
  m_PrefabAsset: {fileID: 0}
  m_GameObject: {fileID: 0}
  m_Enabled: 1
  m_EditorHideFlags: 0
  m_Script: {fileID: 11500000, guid: c83906d02ff79e44a87686bb3e9d622c, type: 3}
  m_Name: "O103e - Klaunsk\xFD nos-R-1 -- O103e - Klaunsk\xFD nos-R-2"
  m_EditorClassIdentifier: 
  inPort: {fileID: 114535767658325716}
  outPort: {fileID: 114255392136057404}
--- !u!114 &114224588004678730
MonoBehaviour:
  m_ObjectHideFlags: 0
  m_CorrespondingSourceObject: {fileID: 0}
  m_PrefabInstance: {fileID: 0}
  m_PrefabAsset: {fileID: 0}
  m_GameObject: {fileID: 0}
  m_Enabled: 1
  m_EditorHideFlags: 0
  m_Script: {fileID: 11500000, guid: d687dbdf673d5ab4391e7faf19ac9f58, type: 3}
  m_Name: "O103e - Klaunsk\xFD nos-EP-0"
  m_EditorClassIdentifier: 
  uniqueId: "O103e - Klaunsk\xFD nos-EP-0"
  nameWithinDialog: EP-0
  parentGraph: {fileID: 11400000}
  inPort: {fileID: 0}
  outPorts:
  - {fileID: 114789780583520228}
  pointsTo: []
  position: {x: 0, y: 0}
  rect:
    serializedVersion: 2
    x: 50
    y: 150
    width: 180
    height: 100
  isDragged: 0
  isSelected: 0
  nodeNameRect:
    serializedVersion: 2
    x: 15
    y: 10
    width: 100
    height: 30
  corruptionReport: 
  note: 
--- !u!114 &114255392136057404
MonoBehaviour:
  m_ObjectHideFlags: 0
  m_CorrespondingSourceObject: {fileID: 0}
  m_PrefabInstance: {fileID: 0}
  m_PrefabAsset: {fileID: 0}
  m_GameObject: {fileID: 0}
  m_Enabled: 1
  m_EditorHideFlags: 0
  m_Script: {fileID: 11500000, guid: 92897b83d3ac44d4fb3722cc5d2189d2, type: 3}
  m_Name: "O103e - Klaunsk\xFD nos-R-2-inPort"
  m_EditorClassIdentifier: 
  Direction: 0
  attachedToNode: {fileID: 114807232969369416}
  centerInAbsolute: {x: 645.02997, y: 188.07996}
  connections:
  - {fileID: 114182363047622936}
  buttonRectInRelative:
    serializedVersion: 2
    x: 0
    y: 25
    width: 12
    height: 12
--- !u!114 &114304810798724300
MonoBehaviour:
  m_ObjectHideFlags: 0
  m_CorrespondingSourceObject: {fileID: 0}
  m_PrefabInstance: {fileID: 0}
  m_PrefabAsset: {fileID: 0}
  m_GameObject: {fileID: 0}
  m_Enabled: 1
  m_EditorHideFlags: 0
  m_Script: {fileID: 11500000, guid: a369827a53a8b544fac030b468de9f7b, type: 3}
  m_Name: "O103e - Klaunsk\xFD nos-R-1"
  m_EditorClassIdentifier: 
  uniqueId: "O103e - Klaunsk\xFD nos-R-1"
  nameWithinDialog: R-1
  parentGraph: {fileID: 11400000}
  inPort: {fileID: 114894434755243030}
  outPorts:
  - {fileID: 114535767658325716}
  pointsTo: []
  position: {x: 0, y: 0}
  rect:
    serializedVersion: 2
    x: 348.66998
    y: 149.93999
    width: 250
    height: 150
  isDragged: 0
  isSelected: 0
  nodeNameRect:
    serializedVersion: 2
    x: 15
    y: 10
    width: 146
    height: 30
  corruptionReport: 
  speaker: {fileID: 11400000, guid: bd4269cbd9a00b64fa93d3034e3bb339, type: 2}
  replicAudio: {fileID: 0}
  scroll: {x: 0, y: 0}
  currentLang: 0
  translation:
    cs: "Klaunsk\xFD nos"
    en: 
--- !u!114 &114321612911418784
MonoBehaviour:
  m_ObjectHideFlags: 0
  m_CorrespondingSourceObject: {fileID: 0}
  m_PrefabInstance: {fileID: 0}
  m_PrefabAsset: {fileID: 0}
  m_GameObject: {fileID: 0}
  m_Enabled: 1
  m_EditorHideFlags: 0
  m_Script: {fileID: 11500000, guid: 92897b83d3ac44d4fb3722cc5d2189d2, type: 3}
  m_Name: "O103e - Klaunsk\xFD nos-R-2-outPort"
  m_EditorClassIdentifier: 
  Direction: 1
  attachedToNode: {fileID: 114807232969369416}
  centerInAbsolute: {x: 883.02997, y: 188.07996}
  connections: []
  buttonRectInRelative:
    serializedVersion: 2
    x: 238
    y: 25
    width: 12
    height: 12
--- !u!114 &114535767658325716
MonoBehaviour:
  m_ObjectHideFlags: 0
  m_CorrespondingSourceObject: {fileID: 0}
  m_PrefabInstance: {fileID: 0}
  m_PrefabAsset: {fileID: 0}
  m_GameObject: {fileID: 0}
  m_Enabled: 1
  m_EditorHideFlags: 0
  m_Script: {fileID: 11500000, guid: 92897b83d3ac44d4fb3722cc5d2189d2, type: 3}
  m_Name: "O103e - Klaunsk\xFD nos-R-1-outPort"
  m_EditorClassIdentifier: 
  Direction: 1
  attachedToNode: {fileID: 114304810798724300}
  centerInAbsolute: {x: 592.67, y: 180.93999}
  connections:
  - {fileID: 114182363047622936}
  buttonRectInRelative:
    serializedVersion: 2
    x: 238
    y: 25
    width: 12
    height: 12
--- !u!114 &114789780583520228
MonoBehaviour:
  m_ObjectHideFlags: 0
  m_CorrespondingSourceObject: {fileID: 0}
  m_PrefabInstance: {fileID: 0}
  m_PrefabAsset: {fileID: 0}
  m_GameObject: {fileID: 0}
  m_Enabled: 1
  m_EditorHideFlags: 0
  m_Script: {fileID: 11500000, guid: 92897b83d3ac44d4fb3722cc5d2189d2, type: 3}
  m_Name: "O103e - Klaunsk\xFD nos-EP-0-outPort"
  m_EditorClassIdentifier: 
  Direction: 1
  attachedToNode: {fileID: 114224588004678730}
  centerInAbsolute: {x: 224, y: 181}
  connections:
  - {fileID: 114951460116717408}
  buttonRectInRelative:
    serializedVersion: 2
    x: 168
    y: 25
    width: 12
    height: 12
--- !u!114 &114807232969369416
MonoBehaviour:
  m_ObjectHideFlags: 0
  m_CorrespondingSourceObject: {fileID: 0}
  m_PrefabInstance: {fileID: 0}
  m_PrefabAsset: {fileID: 0}
  m_GameObject: {fileID: 0}
  m_Enabled: 1
  m_EditorHideFlags: 0
  m_Script: {fileID: 11500000, guid: a369827a53a8b544fac030b468de9f7b, type: 3}
  m_Name: "O103e - Klaunsk\xFD nos-R-2"
  m_EditorClassIdentifier: 
  uniqueId: "O103e - Klaunsk\xFD nos-R-2"
  nameWithinDialog: R-2
  parentGraph: {fileID: 11400000}
  inPort: {fileID: 114255392136057404}
  outPorts:
  - {fileID: 114321612911418784}
  pointsTo: []
  position: {x: 0, y: 0}
  rect:
    serializedVersion: 2
    x: 639.02997
    y: 157.07996
    width: 250
    height: 150
  isDragged: 0
  isSelected: 1
  nodeNameRect:
    serializedVersion: 2
    x: 15
    y: 10
    width: 146
    height: 30
  corruptionReport: 
  speaker: {fileID: 11400000, guid: bd4269cbd9a00b64fa93d3034e3bb339, type: 2}
  replicAudio: {fileID: 0}
  scroll: {x: 0, y: 0}
  currentLang: 0
  translation:
    cs: Jakpak se tam asi dostal?
    en: 
--- !u!114 &114894434755243030
MonoBehaviour:
  m_ObjectHideFlags: 0
  m_CorrespondingSourceObject: {fileID: 0}
  m_PrefabInstance: {fileID: 0}
  m_PrefabAsset: {fileID: 0}
  m_GameObject: {fileID: 0}
  m_Enabled: 1
  m_EditorHideFlags: 0
  m_Script: {fileID: 11500000, guid: 92897b83d3ac44d4fb3722cc5d2189d2, type: 3}
  m_Name: "O103e - Klaunsk\xFD nos-R-1-inPort"
  m_EditorClassIdentifier: 
  Direction: 0
  attachedToNode: {fileID: 114304810798724300}
  centerInAbsolute: {x: 354.66998, y: 180.93999}
  connections:
  - {fileID: 114951460116717408}
  buttonRectInRelative:
    serializedVersion: 2
    x: 0
    y: 25
    width: 12
    height: 12
--- !u!114 &114951460116717408
MonoBehaviour:
  m_ObjectHideFlags: 0
  m_CorrespondingSourceObject: {fileID: 0}
  m_PrefabInstance: {fileID: 0}
  m_PrefabAsset: {fileID: 0}
  m_GameObject: {fileID: 0}
  m_Enabled: 1
  m_EditorHideFlags: 0
  m_Script: {fileID: 11500000, guid: c83906d02ff79e44a87686bb3e9d622c, type: 3}
  m_Name: "O103e - Klaunsk\xFD nos-EP-0 -- O103e - Klaunsk\xFD nos-R-1"
  m_EditorClassIdentifier: 
  inPort: {fileID: 114789780583520228}
  outPort: {fileID: 114894434755243030}
